Sewer Rats vs Little Stars
Created - October 25, 2017 at 22:56
Goals
|
| Sewer Rats |
1 |
1 |
2 |
4 |
| Little Stars |
0 |
6 |
1 |
7 |
|
Shots
|
| Sewer Rats |
7 |
11 |
10 |
28 |
| Little Stars |
9 |
15 |
6 |
30 |
|
1st period
1. Sewer Rats , Zach Boychuk 1 (Ville Leino 4) at 8:47
Penalties :
Brian Flynn (Tex) for Roughing (Minor) at 5:30, Andrej Sustr (Tex) for High sticking (Minor) at 14:58, Ville Leino (Tol) for High sticking (Minor) at 18:37
2nd period
2. Little Stars , Yannick Weber 2 (Andrej Sustr 3, Mathieu Perreault 3) at 1:13
3. Little Stars , Shawn Matthias 4 (Alex Chiasson 8, Brian Flynn 8) at 3:25
4. Little Stars , Jesper Fast 4 (Mathieu Perreault 4) at 11:40
5. Sewer Rats , Kyle Turris 3 (Mark Mancari 3, Matt Lashoff 3) at 12:18 (PP)
6. Little Stars , Shawn Matthias 5 (Alex Chiasson 9, Brian Flynn 9) at 15:19 (PP)
7. Little Stars , Alexander Vasyunov 1 (Niklas Hjalmarsson 4) at 16:16
8. Little Stars , Shawn Matthias 6 (Niklas Hjalmarsson 5, Phil Oreskovic 3) at 18:22
Penalties :
Scott Harrington (Tex) for Hooking (Minor) at 9:27, Jesse Joensuu (Tex) for Interference (Minor) at 12:02, Vincent Trocheck (Tol) for Interference (Minor) at 14:21, Jared Boll (Tol) for Hooking (Minor) at 19:07
3rd period
9. Little Stars , Jesper Fast 5 (Niklas Hjalmarsson 6, Phil Oreskovic 4) at 10:12
10. Sewer Rats , Jared Boll 2 (Zach Boychuk 6, Joel Edmundson 3) at 12:18
11. Sewer Rats , Ville Leino 7 (Mark Mancari 4, Matt Lashoff 4) at 18:21
Penalties :
Steven Kampfer (Tol) for High sticking (Minor) at 2:16, Shawn Matthias (Tex) for Tripping (Minor) at 2:22, Scott Harrington (Tex) for Slashing (Minor) at 5:50, Andrej Sustr (Tex) for Interference (Minor) at 13:21, Vincent Trocheck (Tol) for Hooking (Minor) at 16:05, Alex Chiasson (Tex) for Hooking (Minor) at 16:09, Phil Oreskovic (Tex) for Hooking (Minor) at 18:36
Goalie Stats
Marek Mazanek (Tol), 18 saves from 23 shots - (0.783), L, 1-2-0, 36:16 minutes
Richard Bachman (Tol), 5 saves from 7 shots - (0.714), 23:44 minutes
Jhonas Enroth (Tex), 24 saves from 28 shots - (0.857), W, 3-2-0, 60:00 minutes
Players Stats for Sewer Rats
Player Name G A P +/- PIM S H SB GA TA FO MP PP MP PK MP
------------------------------------------------------------------------------------
Connor Carrick 0 0 0 1 0 0 0 1 0 0 0/0 3:15 0:00 0:00
Daniel Carr 0 0 0 -1 0 0 0 0 0 0 0/0 6:55 0:10 0:13
Dmitrij Jaskin 0 0 0 -1 0 1 0 0 0 0 0/0 5:42 0:00 0:00
Jared Boll 1 0 1 0 2 3 1 0 1 1 0/0 16:42 5:16 0:00
Jarred Tinordi 0 0 0 -4 0 0 4 3 0 1 0/0 20:02 4:32 1:42
Joel Edmundson 0 1 1 0 0 0 1 0 0 0 0/0 7:40 0:00 0:00
John Ramage 0 0 0 1 0 0 0 1 0 0 0/0 3:15 0:00 0:00
Jonathan Huberdeau 0 0 0 -2 0 0 1 0 0 0 0/0 12:00 0:19 1:00
Jonathan Marchessault 0 0 0 0 0 3 1 2 1 0 5/15 16:19 5:16 0:00
Kyle Turris 1 0 1 -1 0 3 3 0 1 1 12/32 20:18 6:08 1:00
Mark Mancari 0 2 2 0 0 4 3 0 0 0 4/13 25:01 6:16 3:41
Martin Frk 0 0 0 -2 0 0 1 1 0 0 0/0 9:31 0:00 0:00
Matt Lashoff 0 2 2 0 0 3 0 1 0 1 0/0 29:28 7:12 3:24
Mattias Ekholm 0 0 0 0 0 0 3 0 0 1 0/0 29:28 7:12 3:24
Nick Cousins 0 0 0 -1 0 0 1 0 0 0 2/2 5:42 0:00 0:00
Ryan Murphy 0 0 0 0 0 0 0 0 0 0 0/0 7:28 0:00 0:00
Steven Kampfer 0 0 0 -4 2 2 0 2 0 1 0/0 19:34 4:38 1:42
Ville Leino 1 1 2 0 2 6 0 0 1 0 2/2 23:34 6:15 2:13
Vincent Trocheck 0 0 0 -1 4 0 1 0 0 0 2/5 11:12 0:10 1:11
Zach Boychuk 1 1 2 0 0 3 2 0 2 1 1/2 17:55 5:16 0:54
Players Stats for Little Stars
Player Name G A P +/- PIM S H SB GA TA FO MP PP MP PK MP
------------------------------------------------------------------------------------
Alex Chiasson 0 2 2 1 2 3 3 3 0 0 10/13 24:55 2:48 6:53
Alexander Vasyunov 1 0 1 3 0 1 2 0 0 0 0/0 11:36 0:00 1:32
Andrej Sustr 0 1 1 1 4 2 1 0 1 0 0/0 18:37 1:37 3:00
Brian Flynn 0 2 2 2 2 3 1 0 0 1 24/34 20:01 2:49 2:57
Dana Tyrell 0 0 0 -1 0 1 2 0 0 0 6/13 13:34 2:17 0:00
Daniel O'regan 0 0 0 -2 0 0 1 0 0 0 1/1 5:43 0:00 0:18
Hugh Jessiman 0 0 0 -1 0 3 2 2 0 0 0/1 17:51 2:17 3:35
Jesper Fast 2 0 2 4 0 3 0 0 0 0 0/1 9:53 0:00 0:00
Jesse Joensuu 0 0 0 -1 2 1 2 0 0 2 0/0 13:33 2:17 0:00
Mathieu Perreault 0 2 2 4 0 1 0 1 1 0 2/6 10:34 0:00 0:00
Nail Yakupov 0 0 0 -1 0 0 1 0 0 0 0/0 7:23 0:00 1:43
Niklas Hjalmarsson 0 3 3 2 0 0 1 1 0 2 0/0 30:02 3:29 6:55
Phil Oreskovic 0 2 2 2 2 3 3 2 1 1 0/0 29:11 3:29 6:05
Robert Klinkhammer 0 0 0 -1 0 1 0 0 0 0 0/0 4:24 0:00 0:00
Scott Harrington 0 0 0 0 4 0 0 0 0 0 0/0 13:08 0:00 2:39
Shawn Matthias 3 0 3 2 2 5 1 0 3 0 0/2 23:56 2:48 6:30
Tyson Barrie 0 0 0 0 0 2 0 0 0 0 0/0 9:30 0:00 0:00
Yannick Weber 1 0 1 1 0 1 3 2 1 0 0/0 20:28 1:37 4:49
3 Stars
1 - Shawn Matthias (Tex)
2 - Jesper Fast (Tex)
3 - Niklas Hjalmarsson (Tex)
Power Play
Sewer Rats - 1 on 9 Attempt(s) - 11.11%
Little Stars - 1 on 5 Attempt(s) - 20.00%
Penalty Kill
Sewer Rats - 4 on 5 Attempt(s) - 80.00%
- Score 0 goal in Penalty Kill
Little Stars - 8 on 9 Attempt(s) - 88.89%
- Score 0 goal in Penalty Kill
Team Stat
Sewer Rats - Hits : 22 - Faceoff Wins : 28 - Blocked Shots : 11 - Penalty Minutes : 10
Little Stars - Hits : 23 - Faceoff Wins : 43 - Blocked Shots : 11 - Penalty Minutes : 18
Official
Referees : O'Halloran Dan and Watson Brad
Linesman : Mike Cvik and Vaughan Rody
Game Notes
Richard Bachman enters game at 16:16 of 2nd period
Shawn Matthias has scored a Hat Trick!
Finance
Level 1 -- Attendance: 1537 (76.85%) -- Ticket Income $53,795
Level 2 -- Attendance: 735 (73.50%) -- Ticket Income $14,700
Total Attendance: 2272 (75.73%)
Total Ticket Income: $68,495
Other Income: $3,425
Total Income: $71,920
Sewer Rats
5 vs 5 Forward
Center Left Wing Right Wing Time % Phy DF OF
1 Kyle Turris Ville Leino Mark Mancari 35 1 2 2
2 Jonathan Marchessault Zach Boychuk Jared Boll 30 1 2 2
3 Vincent Trocheck Jonathan Huberdeau Martin Frk 25 1 2 2
4 Nick Cousins Daniel Carr Dmitrij Jaskin 10 1 2 2
5 vs 5 Defense
Defense Defense Time % Phy DF OF
1 Matt Lashoff Mattias Ekholm 40 1 2 2
2 Steven Kampfer Jarred Tinordi 30 1 2 2
3 Joel Edmundson Ryan Murphy 20 1 2 2
4 John Ramage Connor Carrick 10 1 2 2
PowerPlay Forward
Center Left Wing Right Wing Time % Phy DF OF
1 Kyle Turris Ville Leino Mark Mancari 60 1 2 2
2 Jonathan Marchessault Zach Boychuk Jared Boll 40 1 2 2
PowerPlay Defense
Defense Defense Time % Phy DF OF
1 Matt Lashoff Mattias Ekholm 60 1 2 2
2 Steven Kampfer Jarred Tinordi 40 1 2 2
Penalty Kill 4 Players Forward
Center Wing Time % Phy DF OF
1 Mark Mancari Ville Leino 60 1 2 2
2 Kyle Turris Zach Boychuk 40 1 2 2
Penalty Kill 4 Players Defense
Defense Defense Time % Phy DF OF
1 Matt Lashoff Mattias Ekholm 60 1 2 2
2 Steven Kampfer Jarred Tinordi 40 1 2 2
Penalty Kill - 3 Players Forward
Forward Time % Phy DF OF
1 Mark Mancari 60 1 2 2
2 Ville Leino 40 1 2 2
Penalty Kill - 3 Players Defense
Defense Defense Time % Phy DF OF
1 Matt Lashoff Mattias Ekholm 60 1 2 2
2 Steven Kampfer Jarred Tinordi 40 1 2 2
4 vs 4 Forward
Center Wing Time % Phy DF OF
1 Mark Mancari Ville Leino 60 1 2 2
2 Kyle Turris Zach Boychuk 40 1 2 2
4 vs 4 Defense
Defense Defense Time % Phy DF OF
1 Matt Lashoff Mattias Ekholm 60 1 2 2
2 Steven Kampfer Jarred Tinordi 40 1 2 2
Last Minutes Offensive
Center Left Wing Right Wing Defense Defense
Kyle Turris Ville Leino Mark Mancari Matt Lashoff Mattias Ekholm
Last Minutes Defensive
Center Left Wing Right Wing Defense Defense
Kyle Turris Ville Leino Mark Mancari Matt Lashoff Mattias Ekholm
Goaltenders
Starting : Marek Mazanek
Backup : Richard Bachman
Extra Forwards
Normal : Jonathan Huberdeau, Daniel Carr, Vincent Trocheck - PP : Jonathan Huberdeau, Daniel Carr - PK : Vincent Trocheck
Extra Defensemen
Normal : Joel Edmundson, Ryan Murphy, John Ramage - PP : Joel Edmundson - PK : Ryan Murphy, John Ramage
Penalty Shots
Mark Mancari, Ville Leino, Kyle Turris, Zach Boychuk, Jared Boll
Scratches
William Karlsson (Healthy), Josh Archibald (Healthy), Xavier Ouellet (Healthy), Jonathan Racine (Healthy), Joseph Blandisi (Healthy)
Chris Calhan (Healthy), Tom Sestito (Healthy)
Little Stars
5 vs 5 Forward
Center Left Wing Right Wing Time % Phy DF OF
1 Brian Flynn Shawn Matthias Alex Chiasson 40 1 2 2
2 Dana Tyrell Jesse Joensuu Hugh Jessiman 30 1 2 2
3 Mathieu Perreault Alexander Vasyunov Jesper Fast 20 1 2 2
4 Daniel O'regan Robert Klinkhammer Nail Yakupov 10 1 2 2
5 vs 5 Defense
Defense Defense Time % Phy DF OF
1 Niklas Hjalmarsson Phil Oreskovic 40 1 2 2
2 Andrej Sustr Yannick Weber 30 1 2 2
3 Tyson Barrie Scott Harrington 20 1 2 2
4 Niklas Hjalmarsson Phil Oreskovic 10 1 2 2
PowerPlay Forward
Center Left Wing Right Wing Time % Phy DF OF
1 Brian Flynn Shawn Matthias Alex Chiasson 60 1 2 2
2 Dana Tyrell Jesse Joensuu Hugh Jessiman 40 1 2 2
PowerPlay Defense
Defense Defense Time % Phy DF OF
1 Niklas Hjalmarsson Phil Oreskovic 60 1 2 2
2 Andrej Sustr Yannick Weber 40 1 2 2
Penalty Kill 4 Players Forward
Center Wing Time % Phy DF OF
1 Alex Chiasson Shawn Matthias 60 1 2 2
2 Hugh Jessiman Brian Flynn 40 1 2 2
Penalty Kill 4 Players Defense
Defense Defense Time % Phy DF OF
1 Niklas Hjalmarsson Phil Oreskovic 60 1 2 2
2 Andrej Sustr Yannick Weber 40 1 2 2
Penalty Kill - 3 Players Forward
Forward Time % Phy DF OF
1 Alex Chiasson 60 1 2 2
2 Shawn Matthias 40 1 2 2
Penalty Kill - 3 Players Defense
Defense Defense Time % Phy DF OF
1 Niklas Hjalmarsson Phil Oreskovic 60 1 2 2
2 Andrej Sustr Yannick Weber 40 1 2 2
4 vs 4 Forward
Center Wing Time % Phy DF OF
1 Alex Chiasson Shawn Matthias 60 1 2 2
2 Hugh Jessiman Brian Flynn 40 1 2 2
4 vs 4 Defense
Defense Defense Time % Phy DF OF
1 Niklas Hjalmarsson Phil Oreskovic 60 1 2 2
2 Andrej Sustr Yannick Weber 40 1 2 2
Last Minutes Offensive
Center Left Wing Right Wing Defense Defense
Brian Flynn Shawn Matthias Alex Chiasson Niklas Hjalmarsson Phil Oreskovic
Last Minutes Defensive
Center Left Wing Right Wing Defense Defense
Brian Flynn Shawn Matthias Alex Chiasson Niklas Hjalmarsson Phil Oreskovic
Goaltenders
Starting : Jhonas Enroth
Backup : Peter Delmas
Extra Forwards
Normal : Mathieu Perreault, Jesper Fast, Nail Yakupov - PP : Mathieu Perreault, Jesper Fast - PK : Nail Yakupov
Extra Defensemen
Normal : Tyson Barrie, Scott Harrington, Andrej Sustr - PP : Tyson Barrie - PK : Scott Harrington, Andrej Sustr
Penalty Shots
Alex Chiasson, Shawn Matthias, Hugh Jessiman, Brian Flynn, Dana Tyrell
Scratches
Michael Mersch (Healthy), Reece Willcox (Healthy), Ville Pokka (Healthy), Tyler Wotherspoon (Healthy), Alexander Khokhlachev (Healthy)
Anthony Camara (Healthy), Daniel Catenacci (Healthy), Duncan Siemens (Healthy), Dillon Simpson (Healthy), Scott Kosmachuck (Healthy)
Laurent Brossoit (Healthy), Anthony Stolarz (Healthy)
% Time on Ice - Sewer Rats
Lines # - Real PCT - Wanted PCT - Time Play
Normal Forward
1 - 33% - 35% - 13:06
2 - 28% - 30% - 11:03
3 - 24% - 25% - 9:31
4 - 14% - 10% - 5:42
Normal Defense
1 - 42% - 40% - 16:33
2 - 31% - 30% - 12:19
3 - 18% - 20% - 7:15
4 - 8% - 10% - 3:15
PP Forward
1 - 55% - 60% - 6:28
2 - 45% - 40% - 5:16
PP Defense
1 - 61% - 60% - 7:12
2 - 39% - 40% - 4:32
PK Forward
1 - 82% - 60% - 4:12
2 - 18% - 40% - 0:54
PK Defense
1 - 67% - 60% - 3:24
2 - 33% - 40% - 1:42
PK3 Forward
1 - 0% - 60%
2 - 0% - 40%
PK3 Defense
1 - 0% - 60%
2 - 0% - 40%
44 Forward
1 - 82% - 60% - 3:06
2 - 18% - 40% - 0:42
44 Defense
1 - 61% - 60% - 2:19
2 - 39% - 40% - 1:29
Last Minute Offensive - 0:00
Last Minute Defensive - 0:00
Total
Forward - 60:00
Defense - 60:00
|
% Time on Ice - Little Stars
Lines # - Real PCT - Wanted PCT - Time Play
Normal Forward
1 - 36% - 40% - 14:11
2 - 30% - 30% - 11:59
3 - 22% - 20% - 8:48
4 - 11% - 10% - 4:24
Normal Defense
1 - 39% - 40% - 15:25
2 - 31% - 30% - 12:10
3 - 24% - 20% - 9:30
4 - 6% - 10% - 2:17
PP Forward
1 - 55% - 60% - 2:49
2 - 45% - 40% - 2:17
PP Defense
1 - 68% - 60% - 3:29
2 - 32% - 40% - 1:37
PK Forward
1 - 69% - 60% - 8:09
2 - 31% - 40% - 3:35
PK Defense
1 - 59% - 60% - 6:55
2 - 41% - 40% - 4:49
PK3 Forward
1 - 0% - 60%
2 - 0% - 40%
PK3 Defense
1 - 0% - 60%
2 - 0% - 40%
44 Forward
1 - 100% - 60% - 3:48
2 - 0% - 40% - 0:00
44 Defense
1 - 51% - 60% - 1:56
2 - 49% - 40% - 1:52
Last Minute Offensive - 0:00
Last Minute Defensive - 0:00
Total
Forward - 60:00
Defense - 60:00
|
Play by Play
1st period
0:01 of 1st period - Brian Flynn wins face-off versus Kyle Turris in neutral zone.
0:53 of 1st period - Snap shot by Mathieu Perreault.
0:53 of 1st period - Shot Blocked by Jarred Tinordi.
0:55 of 1st period - Slapshot by Alexander Vasyunov.
0:55 of 1st period - Shot Misses the Net.
1:05 of 1st period - Yannick Weber is hit by Nick Cousins and loses puck.
1:14 of 1st period - Snap shot by Robert Klinkhammer.
1:14 of 1st period - Stopped by Marek Mazanek without a rebound.
1:15 of 1st period - Kyle Turris wins face-off versus Shawn Matthias in Sewer Rats zone.
1:15 of 1st period - Kyle Turris is hit by Brian Flynn.
1:41 of 1st period - Tyson Barrie is hit by Joel Edmundson and loses puck.
2:04 of 1st period - Alexander Vasyunov is hit by Vincent Trocheck and loses puck.
2:45 of 1st period - Wrist shot by Ville Leino.
2:45 of 1st period - Stopped by Jhonas Enroth without a rebound.
2:46 of 1st period - Jonathan Marchessault wins face-off versus Brian Flynn in Little Stars zone.
2:49 of 1st period - Slapshot by Jonathan Marchessault.
2:49 of 1st period - Stopped by Jhonas Enroth without a rebound.
2:50 of 1st period - Brian Flynn wins face-off versus Jonathan Marchessault in Little Stars zone.
2:50 of 1st period - Brian Flynn is hit by Jared Boll.
3:06 of 1st period - Snap shot by Zach Boychuk.
3:06 of 1st period - Shot Misses the Net.
3:58 of 1st period - Jarred Tinordi is hit by Yannick Weber and loses puck.
4:44 of 1st period - Snap shot by Kyle Turris.
4:44 of 1st period - Shot Misses the Net.
4:46 of 1st period - Slapshot by Steven Kampfer.
4:46 of 1st period - Stopped by Jhonas Enroth with a rebound.
4:52 of 1st period - Wrist shot by Mark Mancari.
4:52 of 1st period - Stopped by Jhonas Enroth with a rebound.
5:28 of 1st period - Snap shot by Jonathan Huberdeau.
5:28 of 1st period - Shot Hit the Post.
5:30 of 1st period - Minor Penalty to Brian Flynn for Roughing.
5:31 of 1st period - Alex Chiasson wins face-off versus Kyle Turris in Little Stars zone.
6:00 of 1st period - Slapshot by Matt Lashoff.
6:00 of 1st period - Shot Blocked by Phil Oreskovic.
7:30 of 1st period - Penalty to Brian Flynn is over, Brian Flynn is back on ice.
8:47 of 1st period - Backhand shot by Zach Boychuk.
8:47 of 1st period - Goal by Zach Boychuk - Sewer Rats : 1 - Little Stars : 0.
8:48 of 1st period - Brian Flynn wins face-off versus Kyle Turris in neutral zone.
8:59 of 1st period - Wrist shot by Brian Flynn.
8:59 of 1st period - Deflect By Shawn Matthias.
8:59 of 1st period - Shot Misses the Net.
8:59 of 1st period - Puck is out of play.
9:00 of 1st period - Brian Flynn wins face-off versus Kyle Turris in Sewer Rats zone.
9:25 of 1st period - Hugh Jessiman is hit by Zach Boychuk and loses puck.
9:50 of 1st period - Yannick Weber is hit by Jarred Tinordi and loses puck.
10:51 of 1st period - Mattias Ekholm is hit by Hugh Jessiman and loses puck.
11:04 of 1st period - Slapshot by Dana Tyrell.
11:04 of 1st period - Stopped by Marek Mazanek with a rebound.
11:24 of 1st period - Snap shot by Martin Frk.
11:24 of 1st period - Shot Misses the Net.
11:38 of 1st period - Mattias Ekholm is hit by Andrej Sustr and loses puck.
11:43 of 1st period - Wrist shot by Brian Flynn.
11:43 of 1st period - Shot Misses the Net.
11:45 of 1st period - Wrist shot by Shawn Matthias.
11:45 of 1st period - Shot Misses the Net.
11:47 of 1st period - Snap shot by Shawn Matthias.
11:47 of 1st period - Stopped by Marek Mazanek with a rebound.
12:03 of 1st period - Ville Leino is hit by Nail Yakupov and loses puck.
12:32 of 1st period - Icing by Ryan Murphy.
12:33 of 1st period - Brian Flynn wins face-off versus Jonathan Marchessault in Sewer Rats zone.
12:40 of 1st period - Slapshot by Shawn Matthias.
12:40 of 1st period - Deflect By Alex Chiasson.
12:40 of 1st period - Shot Misses the Net.
12:40 of 1st period - Puck is out of play.
12:41 of 1st period - Kyle Turris wins face-off versus Brian Flynn in Sewer Rats zone.
13:16 of 1st period - Wrist shot by Alex Chiasson.
13:16 of 1st period - Shot Blocked by John Ramage.
13:18 of 1st period - Snap shot by Andrej Sustr.
13:18 of 1st period - Stopped by Marek Mazanek with a rebound.
13:22 of 1st period - Slapshot by Alex Chiasson.
13:22 of 1st period - Shot Misses the Net.
13:24 of 1st period - Snap shot by Alex Chiasson.
13:24 of 1st period - Stopped by Marek Mazanek with a rebound.
13:26 of 1st period - Wrist shot by Brian Flynn.
13:26 of 1st period - Shot Misses the Net.
13:28 of 1st period - Wrist shot by Shawn Matthias.
13:28 of 1st period - Shot Blocked by Connor Carrick.
13:30 of 1st period - Slapshot by Alex Chiasson.
13:30 of 1st period - Stopped by Marek Mazanek with a rebound.
13:32 of 1st period - Wrist shot by Shawn Matthias.
13:32 of 1st period - Shot Misses the Net.
13:34 of 1st period - Wrist shot by Shawn Matthias.
13:34 of 1st period - Stopped by Marek Mazanek with a rebound.
13:36 of 1st period - Wrist shot by Brian Flynn.
13:36 of 1st period - Deflect By Shawn Matthias.
13:36 of 1st period - Shot Misses the Net.
13:36 of 1st period - Puck is out of play.
13:37 of 1st period - Dana Tyrell wins face-off versus Kyle Turris in Sewer Rats zone.
13:42 of 1st period - Slapshot by Jesse Joensuu.
13:42 of 1st period - Stopped by Marek Mazanek with a rebound.
13:44 of 1st period - Slapshot by Tyson Barrie.
13:44 of 1st period - Stopped by Marek Mazanek without a rebound.
13:45 of 1st period - Mark Mancari wins face-off versus Dana Tyrell in Sewer Rats zone.
14:00 of 1st period - Slapshot by Jesse Joensuu.
14:00 of 1st period - Deflect By Hugh Jessiman.
14:00 of 1st period - Shot Misses the Net.
14:00 of 1st period - Puck is out of play.
14:01 of 1st period - Mathieu Perreault wins face-off versus Jonathan Marchessault in Sewer Rats zone.
14:23 of 1st period - Icing by Matt Lashoff.
14:24 of 1st period - Brian Flynn wins face-off versus Zach Boychuk in Sewer Rats zone.
14:58 of 1st period - Minor Penalty to Andrej Sustr for High sticking.
14:59 of 1st period - Ville Leino wins face-off versus Alex Chiasson in Little Stars zone.
14:59 of 1st period - Snap shot by Mark Mancari.
14:59 of 1st period - Stopped by Jhonas Enroth without a rebound.
15:00 of 1st period - Alex Chiasson wins face-off versus Kyle Turris in Little Stars zone.
16:20 of 1st period - Matt Lashoff is hit by Alexander Vasyunov and loses puck.
16:58 of 1st period - Penalty to Andrej Sustr is over, Andrej Sustr is back on ice.
17:04 of 1st period - Niklas Hjalmarsson is hit by Martin Frk and loses puck.
17:26 of 1st period - John Ramage is hit by Phil Oreskovic and loses puck.
17:33 of 1st period - Snap shot by Dmitrij Jaskin.
17:33 of 1st period - Stopped by Jhonas Enroth without a rebound.
17:34 of 1st period - Nick Cousins wins face-off versus Dana Tyrell in Little Stars zone.
17:37 of 1st period - Snap shot by Daniel Carr.
17:37 of 1st period - Deflect By Dana Tyrell.
17:37 of 1st period - Shot Blocked by Hugh Jessiman.
17:37 of 1st period - Puck is out of play.
17:38 of 1st period - Nick Cousins wins face-off versus Dana Tyrell in Little Stars zone.
17:39 of 1st period - Snap shot by Daniel Carr.
17:39 of 1st period - Shot Misses the Net.
18:08 of 1st period - Off-side.
18:09 of 1st period - Brian Flynn wins face-off versus Kyle Turris in neutral zone.
18:12 of 1st period - Snap shot by Phil Oreskovic.
18:12 of 1st period - Shot Misses the Net.
18:37 of 1st period - Minor Penalty to Ville Leino for High sticking.
18:38 of 1st period - Mark Mancari wins face-off versus Brian Flynn in Sewer Rats zone.
18:46 of 1st period - Vincent Trocheck is hit by Alex Chiasson and loses puck.
Goals for this period are 1 for Sewer Rats vs 0 for Little Stars.
Shots for this period are 7 for Sewer Rats vs 9 for Little Stars.
2nd period
0:01 of 2nd period - Brian Flynn wins face-off versus Mark Mancari in neutral zone.
0:37 of 2nd period - Penalty to Ville Leino is over, Ville Leino is back on ice.
0:46 of 2nd period - Wrist shot by Jesper Fast.
0:46 of 2nd period - Stopped by Marek Mazanek without a rebound.
0:47 of 2nd period - Jonathan Marchessault wins face-off versus Mathieu Perreault in Sewer Rats zone.
0:57 of 2nd period - Slapshot by Phil Oreskovic.
0:57 of 2nd period - Shot Blocked by Jarred Tinordi.
0:59 of 2nd period - Wrist shot by Alexander Vasyunov.
0:59 of 2nd period - Shot Misses the Net.
1:01 of 2nd period - Wrist shot by Phil Oreskovic.
1:01 of 2nd period - Stopped by Marek Mazanek with a rebound.
1:09 of 2nd period - Slapshot by Mathieu Perreault.
1:09 of 2nd period - Shot Blocked by Jonathan Marchessault.
1:11 of 2nd period - Snap shot by Andrej Sustr.
1:11 of 2nd period - Shot Blocked by Jonathan Marchessault.
1:13 of 2nd period - Wrist shot by Yannick Weber.
1:13 of 2nd period - Goal by Yannick Weber - Sewer Rats : 1 - Little Stars : 1.
1:14 of 2nd period - Brian Flynn wins face-off versus Kyle Turris in neutral zone.
1:14 of 2nd period - Brian Flynn is hit by Kyle Turris.
1:22 of 2nd period - Wrist shot by Ville Leino.
1:22 of 2nd period - Shot Blocked by Phil Oreskovic.
1:24 of 2nd period - Slapshot by Mattias Ekholm.
1:24 of 2nd period - Shot Misses the Net.
1:26 of 2nd period - Wrist shot by Kyle Turris.
1:26 of 2nd period - Stopped by Jhonas Enroth without a rebound.
1:27 of 2nd period - Brian Flynn wins face-off versus Kyle Turris in Little Stars zone.
1:27 of 2nd period - Brian Flynn is hit by Mark Mancari.
1:58 of 2nd period - Wrist shot by Kyle Turris.
1:58 of 2nd period - Deflect By Ville Leino.
1:58 of 2nd period - Shot Blocked by Niklas Hjalmarsson.
1:58 of 2nd period - Puck is out of play.
1:59 of 2nd period - Jonathan Marchessault wins face-off versus Mathieu Perreault in Little Stars zone.
2:08 of 2nd period - Wrist shot by Zach Boychuk.
2:08 of 2nd period - Shot Misses the Net.
2:10 of 2nd period - Snap shot by Zach Boychuk.
2:10 of 2nd period - Stopped by Jhonas Enroth with a rebound.
2:12 of 2nd period - Wrist shot by Jonathan Marchessault.
2:12 of 2nd period - Stopped by Jhonas Enroth with a rebound.
2:14 of 2nd period - Snap shot by Zach Boychuk.
2:14 of 2nd period - Stopped by Jhonas Enroth without a rebound.
2:15 of 2nd period - Brian Flynn wins face-off versus Kyle Turris in Little Stars zone.
3:05 of 2nd period - Wrist shot by Nail Yakupov.
3:05 of 2nd period - Shot Misses the Net.
3:13 of 2nd period - Wrist shot by Robert Klinkhammer.
3:13 of 2nd period - Deflect By Vincent Trocheck.
3:13 of 2nd period - Shot Misses the Net.
3:13 of 2nd period - Puck is out of play.
3:14 of 2nd period - Kyle Turris wins face-off versus Alex Chiasson in Sewer Rats zone.
3:21 of 2nd period - Slapshot by Alex Chiasson.
3:21 of 2nd period - Shot Misses the Net.
3:23 of 2nd period - Backhand shot by Alex Chiasson.
3:23 of 2nd period - Shot Misses the Net.
3:25 of 2nd period - Wrist shot by Shawn Matthias.
3:25 of 2nd period - Goal by Shawn Matthias - Sewer Rats : 1 - Little Stars : 2.
3:26 of 2nd period - Brian Flynn wins face-off versus Kyle Turris in neutral zone.
4:39 of 2nd period - Wrist shot by Nail Yakupov.
4:39 of 2nd period - Shot Blocked by Steven Kampfer.
5:07 of 2nd period - Backhand shot by Daniel Carr.
5:07 of 2nd period - Shot Blocked by Alex Chiasson.
5:23 of 2nd period - Wrist shot by Jonathan Marchessault.
5:23 of 2nd period - Shot Blocked by Hugh Jessiman.
5:25 of 2nd period - Snap shot by Jonathan Marchessault.
5:25 of 2nd period - Stopped by Jhonas Enroth without a rebound.
5:26 of 2nd period - Kyle Turris wins face-off versus Dana Tyrell in Little Stars zone.
5:27 of 2nd period - Snap shot by Ville Leino.
5:27 of 2nd period - Shot Misses the Net.
6:20 of 2nd period - Jonathan Marchessault is hit by Daniel O'regan and loses puck.
6:31 of 2nd period - Jared Boll is hit by Phil Oreskovic.
6:53 of 2nd period - Jared Boll is hit by Dana Tyrell and loses puck.
7:27 of 2nd period - Mark Mancari is hit by Alex Chiasson and loses puck.
7:33 of 2nd period - Icing by Mattias Ekholm.
7:34 of 2nd period - Kyle Turris wins face-off versus Mathieu Perreault in Sewer Rats zone.
7:34 of 2nd period - Kyle Turris is hit by Yannick Weber.
7:57 of 2nd period - Slapshot by Ville Leino.
7:57 of 2nd period - Stopped by Jhonas Enroth with a rebound.
7:59 of 2nd period - Wrist shot by Mark Mancari.
7:59 of 2nd period - Stopped by Jhonas Enroth with a rebound.
8:01 of 2nd period - Slapshot by Matt Lashoff.
8:01 of 2nd period - Stopped by Jhonas Enroth without a rebound.
8:02 of 2nd period - Brian Flynn wins face-off versus Vincent Trocheck in Little Stars zone.
8:25 of 2nd period - Alex Chiasson is hit by Jarred Tinordi and loses puck.
8:44 of 2nd period - Snap shot by Brian Flynn.
8:44 of 2nd period - Stopped by Marek Mazanek without a rebound.
8:45 of 2nd period - Kyle Turris wins face-off versus Dana Tyrell in Sewer Rats zone.
9:11 of 2nd period - Mathieu Perreault is hit by Mark Mancari and loses puck.
9:20 of 2nd period - Slapshot by Mathieu Perreault.
9:20 of 2nd period - Shot Hit the Post.
9:27 of 2nd period - Minor Penalty to Scott Harrington for Hooking.
9:28 of 2nd period - Alex Chiasson wins face-off versus Jonathan Marchessault in Little Stars zone.
9:39 of 2nd period - Slapshot by Matt Lashoff.
9:39 of 2nd period - Shot Misses the Net.
11:19 of 2nd period - Hugh Jessiman is hit by Mattias Ekholm and loses puck.
11:27 of 2nd period - Penalty to Scott Harrington is over, Scott Harrington is back on ice.
11:38 of 2nd period - Snap shot by Mathieu Perreault.
11:38 of 2nd period - Shot Misses the Net.
11:40 of 2nd period - Snap shot by Jesper Fast.
11:40 of 2nd period - Goal by Jesper Fast - Sewer Rats : 1 - Little Stars : 3.
11:41 of 2nd period - Vincent Trocheck wins face-off versus Dana Tyrell in neutral zone.
12:02 of 2nd period - Minor Penalty to Jesse Joensuu for Interference.
12:03 of 2nd period - Alex Chiasson wins face-off versus Kyle Turris in Little Stars zone.
12:18 of 2nd period - Snap shot by Kyle Turris.
12:18 of 2nd period - Goal by Kyle Turris - Sewer Rats : 2 - Little Stars : 3.
12:19 of 2nd period - Brian Flynn wins face-off versus Kyle Turris in neutral zone.
12:22 of 2nd period - Wrist shot by Alex Chiasson.
12:22 of 2nd period - Stopped by Marek Mazanek without a rebound.
12:23 of 2nd period - Brian Flynn wins face-off versus Kyle Turris in Sewer Rats zone.
12:55 of 2nd period - Slapshot by Matt Lashoff.
12:55 of 2nd period - Shot Misses the Net.
13:00 of 2nd period - Icing by Phil Oreskovic.
13:01 of 2nd period - Jonathan Marchessault wins face-off versus Brian Flynn in Little Stars zone.
13:24 of 2nd period - Snap shot by Phil Oreskovic.
13:24 of 2nd period - Stopped by Marek Mazanek without a rebound.
13:25 of 2nd period - Kyle Turris wins face-off versus Dana Tyrell in Sewer Rats zone.
13:25 of 2nd period - Kyle Turris is hit by Jesse Joensuu.
13:50 of 2nd period - Jesper Fast is hit by Zach Boychuk and loses puck.
13:57 of 2nd period - Slapshot by Tyson Barrie.
13:57 of 2nd period - Stopped by Marek Mazanek with a rebound.
13:59 of 2nd period - Snap shot by Mathieu Perreault.
13:59 of 2nd period - Stopped by Marek Mazanek without a rebound.
14:00 of 2nd period - Dana Tyrell wins face-off versus Vincent Trocheck in Sewer Rats zone.
14:21 of 2nd period - Minor Penalty to Vincent Trocheck for Interference.
14:22 of 2nd period - Brian Flynn wins face-off versus Mark Mancari in Sewer Rats zone.
14:52 of 2nd period - Niklas Hjalmarsson is hit by Kyle Turris and loses puck.
14:59 of 2nd period - Wrist shot by Kyle Turris.
14:59 of 2nd period - Deflect By Zach Boychuk.
14:59 of 2nd period - Shot Misses the Net.
14:59 of 2nd period - Puck is out of play.
15:00 of 2nd period - Dana Tyrell wins face-off versus Mark Mancari in Little Stars zone.
15:13 of 2nd period - Snap shot by Hugh Jessiman.
15:13 of 2nd period - Stopped by Marek Mazanek with a rebound.
15:15 of 2nd period - Slapshot by Andrej Sustr.
15:15 of 2nd period - Stopped by Marek Mazanek without a rebound.
15:16 of 2nd period - Brian Flynn wins face-off versus Mark Mancari in Sewer Rats zone.
15:19 of 2nd period - Snap shot by Shawn Matthias.
15:19 of 2nd period - Goal by Shawn Matthias - Sewer Rats : 2 - Little Stars : 4.
15:20 of 2nd period - Brian Flynn wins face-off versus Kyle Turris in neutral zone.
15:34 of 2nd period - Brian Flynn is hit by Mattias Ekholm and loses puck.
15:45 of 2nd period - Matt Lashoff is hit by Jesse Joensuu and loses puck.
16:16 of 2nd period - Snap shot by Alexander Vasyunov.
16:16 of 2nd period - Goal by Alexander Vasyunov - Sewer Rats : 2 - Little Stars : 5.
16:16 of 2nd period - Richard Bachman enters game.
16:17 of 2nd period - Kyle Turris wins face-off versus Brian Flynn in neutral zone.
16:31 of 2nd period - Snap shot by Ville Leino.
16:31 of 2nd period - Shot Misses the Net.
16:51 of 2nd period - Off-side.
16:52 of 2nd period - Brian Flynn wins face-off versus Vincent Trocheck in neutral zone.
17:18 of 2nd period - Phil Oreskovic is hit by Kyle Turris and loses puck.
17:48 of 2nd period - Snap shot by Jared Boll.
17:48 of 2nd period - Shot Misses the Net.
17:50 of 2nd period - Wrist shot by Jared Boll.
17:50 of 2nd period - Stopped by Jhonas Enroth with a rebound.
18:22 of 2nd period - Snap shot by Shawn Matthias.
18:22 of 2nd period - Goal by Shawn Matthias - Sewer Rats : 2 - Little Stars : 6.
18:23 of 2nd period - Mark Mancari wins face-off versus Brian Flynn in neutral zone.
18:25 of 2nd period - Off-side.
18:26 of 2nd period - Kyle Turris wins face-off versus Brian Flynn in neutral zone.
18:35 of 2nd period - Wrist shot by Kyle Turris.
18:35 of 2nd period - Shot Misses the Net.
18:37 of 2nd period - Slapshot by Kyle Turris.
18:37 of 2nd period - Shot Misses the Net.
18:39 of 2nd period - Slapshot by Matt Lashoff.
18:39 of 2nd period - Stopped by Jhonas Enroth with a rebound.
19:07 of 2nd period - Minor Penalty to Jared Boll for Hooking.
19:08 of 2nd period - Mark Mancari wins face-off versus Shawn Matthias in Sewer Rats zone.
19:50 of 2nd period - Matt Lashoff is hit by Dana Tyrell and loses puck.
Goals for this period are 1 for Sewer Rats vs 6 for Little Stars.
Shots for this period are 11 for Sewer Rats vs 15 for Little Stars.
3rd period
0:01 of 3rd period - Brian Flynn wins face-off versus Mark Mancari in neutral zone.
0:26 of 3rd period - Mattias Ekholm is hit by Hugh Jessiman and loses puck.
0:39 of 3rd period - Slapshot by Zach Boychuk.
0:39 of 3rd period - Deflect By Kyle Turris.
0:39 of 3rd period - Stopped by Jhonas Enroth without a rebound.
0:40 of 3rd period - Zach Boychuk wins face-off versus Brian Flynn in Little Stars zone.
0:49 of 3rd period - Wrist shot by Kyle Turris.
0:49 of 3rd period - Shot Misses the Net.
1:07 of 3rd period - Penalty to Jared Boll is over, Jared Boll is back on ice.
1:08 of 3rd period - Icing by Mark Mancari.
1:09 of 3rd period - Dana Tyrell wins face-off versus Mark Mancari in Sewer Rats zone.
1:18 of 3rd period - Slapshot by Mark Mancari.
1:18 of 3rd period - Shot Misses the Net.
1:57 of 3rd period - Steven Kampfer is hit by Yannick Weber and loses puck.
2:16 of 3rd period - Minor Penalty to Steven Kampfer for High sticking.
2:17 of 3rd period - Ville Leino wins face-off versus Brian Flynn in Sewer Rats zone.
2:17 of 3rd period - Ville Leino is hit by Shawn Matthias.
2:22 of 3rd period - Minor Penalty to Shawn Matthias for Tripping.
2:23 of 3rd period - Alex Chiasson wins face-off versus Mark Mancari in Little Stars zone.
2:48 of 3rd period - Mark Mancari is hit by Phil Oreskovic and loses puck.
3:15 of 3rd period - Slapshot by Ville Leino.
3:15 of 3rd period - Shot Blocked by Mathieu Perreault.
3:17 of 3rd period - Snap shot by Ville Leino.
3:17 of 3rd period - Shot Misses the Net.
3:19 of 3rd period - Slapshot by Matt Lashoff.
3:19 of 3rd period - Shot Misses the Net.
3:21 of 3rd period - Snap shot by Ville Leino.
3:21 of 3rd period - Stopped by Jhonas Enroth without a rebound.
3:22 of 3rd period - Kyle Turris wins face-off versus Jesper Fast in Little Stars zone.
3:25 of 3rd period - Wrist shot by Kyle Turris.
3:25 of 3rd period - Shot Misses the Net.
3:59 of 3rd period - Andrej Sustr is hit by Jarred Tinordi.
4:15 of 3rd period - Nail Yakupov is hit by Jonathan Huberdeau and loses puck.
4:16 of 3rd period - Penalty to Steven Kampfer is over, Steven Kampfer is back on ice.
4:22 of 3rd period - Penalty to Shawn Matthias is over, Shawn Matthias is back on ice.
4:26 of 3rd period - Wrist shot by Steven Kampfer.
4:26 of 3rd period - Stopped by Jhonas Enroth without a rebound.
4:27 of 3rd period - Dana Tyrell wins face-off versus Jonathan Marchessault in Little Stars zone.
4:33 of 3rd period - Icing by Jesse Joensuu.
4:34 of 3rd period - Jonathan Marchessault wins face-off versus Hugh Jessiman in Little Stars zone.
4:49 of 3rd period - Snap shot by Jared Boll.
4:49 of 3rd period - Stopped by Jhonas Enroth with a rebound.
5:03 of 3rd period - Wrist shot by Ville Leino.
5:03 of 3rd period - Stopped by Jhonas Enroth with a rebound.
5:05 of 3rd period - Slapshot by Ville Leino.
5:05 of 3rd period - Stopped by Jhonas Enroth with a rebound.
5:50 of 3rd period - Minor Penalty to Scott Harrington for Slashing.
5:51 of 3rd period - Alex Chiasson wins face-off versus Kyle Turris in Little Stars zone.
6:00 of 3rd period - Off-side.
6:01 of 3rd period - Kyle Turris wins face-off versus Alex Chiasson in neutral zone.
6:04 of 3rd period - Slapshot by Mark Mancari.
6:04 of 3rd period - Stopped by Jhonas Enroth with a rebound.
6:32 of 3rd period - Wrist shot by Ville Leino.
6:32 of 3rd period - Shot Misses the Net.
6:42 of 3rd period - Slapshot by Matt Lashoff.
6:42 of 3rd period - Stopped by Jhonas Enroth with a rebound.
6:50 of 3rd period - Snap shot by Hugh Jessiman.
6:50 of 3rd period - Stopped by Richard Bachman without a rebound.
6:51 of 3rd period - Alex Chiasson wins face-off versus Jonathan Marchessault in Sewer Rats zone.
7:02 of 3rd period - Snap shot by Zach Boychuk.
7:02 of 3rd period - Deflect By Jared Boll.
7:02 of 3rd period - Shot Blocked by Yannick Weber.
7:02 of 3rd period - Puck is out of play.
7:03 of 3rd period - Alex Chiasson wins face-off versus Jonathan Marchessault in Little Stars zone.
7:50 of 3rd period - Penalty to Scott Harrington is over, Scott Harrington is back on ice.
7:54 of 3rd period - Slapshot by Jonathan Huberdeau.
7:54 of 3rd period - Shot Blocked by Yannick Weber.
8:06 of 3rd period - Snap shot by Jonathan Huberdeau.
8:06 of 3rd period - Deflect By Martin Frk.
8:06 of 3rd period - Shot Blocked by Alex Chiasson.
8:06 of 3rd period - Puck is out of play.
8:07 of 3rd period - Dana Tyrell wins face-off versus Jonathan Marchessault in Little Stars zone.
9:36 of 3rd period - Slapshot by Hugh Jessiman.
9:36 of 3rd period - Stopped by Richard Bachman without a rebound.
9:37 of 3rd period - Kyle Turris wins face-off versus Brian Flynn in Sewer Rats zone.
9:44 of 3rd period - Steven Kampfer is hit by Alex Chiasson and loses puck.
10:09 of 3rd period - Niklas Hjalmarsson is hit by Jarred Tinordi and loses puck.
10:12 of 3rd period - Slapshot by Jesper Fast.
10:12 of 3rd period - Goal by Jesper Fast - Sewer Rats : 2 - Little Stars : 7.
10:13 of 3rd period - Brian Flynn wins face-off versus Kyle Turris in neutral zone.
10:43 of 3rd period - Robert Klinkhammer is hit by Mattias Ekholm and loses puck.
11:12 of 3rd period - Slapshot by Phil Oreskovic.
11:12 of 3rd period - Stopped by Richard Bachman with a rebound.
11:24 of 3rd period - Wrist shot by Alex Chiasson.
11:24 of 3rd period - Shot Blocked by Jarred Tinordi.
11:26 of 3rd period - Slapshot by Yannick Weber.
11:26 of 3rd period - Shot Blocked by Martin Frk.
11:28 of 3rd period - Wrist shot by Shawn Matthias.
11:28 of 3rd period - Shot Blocked by Steven Kampfer.
11:30 of 3rd period - Wrist shot by Shawn Matthias.
11:30 of 3rd period - Deflect By Brian Flynn.
11:30 of 3rd period - Stopped by Richard Bachman with a rebound.
12:02 of 3rd period - Icing by Mark Mancari.
12:03 of 3rd period - Daniel O'regan wins face-off versus Jonathan Marchessault in Sewer Rats zone.
12:18 of 3rd period - Wrist shot by Jared Boll.
12:18 of 3rd period - Goal by Jared Boll - Sewer Rats : 3 - Little Stars : 7.
12:19 of 3rd period - Brian Flynn wins face-off versus Kyle Turris in neutral zone.
12:44 of 3rd period - Jared Boll is hit by Niklas Hjalmarsson and loses puck.
13:12 of 3rd period - Martin Frk is hit by Alexander Vasyunov and loses puck.
13:21 of 3rd period - Minor Penalty to Andrej Sustr for Interference.
13:22 of 3rd period - Alex Chiasson wins face-off versus Kyle Turris in Little Stars zone.
13:22 of 3rd period - Alex Chiasson is hit by Mark Mancari.
15:01 of 3rd period - Phil Oreskovic is hit by Jonathan Marchessault and loses puck.
15:21 of 3rd period - Penalty to Andrej Sustr is over, Andrej Sustr is back on ice.
16:02 of 3rd period - Wrist shot by Brian Flynn.
16:02 of 3rd period - Stopped by Richard Bachman without a rebound.
16:03 of 3rd period - Vincent Trocheck wins face-off versus Mathieu Perreault in Sewer Rats zone.
16:05 of 3rd period - Minor Penalty to Vincent Trocheck for Hooking.
16:06 of 3rd period - Brian Flynn wins face-off versus Mark Mancari in Sewer Rats zone.
16:09 of 3rd period - Minor Penalty to Alex Chiasson for Hooking.
16:10 of 3rd period - Mathieu Perreault wins face-off versus Mark Mancari in Little Stars zone.
16:15 of 3rd period - Snap shot by Mathieu Perreault.
16:15 of 3rd period - Shot Blocked by Matt Lashoff.
17:28 of 3rd period - Snap shot by Jonathan Huberdeau.
17:28 of 3rd period - Shot Misses the Net.
17:30 of 3rd period - Snap shot by Jonathan Huberdeau.
17:30 of 3rd period - Shot Misses the Net.
17:32 of 3rd period - Slapshot by Steven Kampfer.
17:32 of 3rd period - Shot Misses the Net.
18:05 of 3rd period - Penalty to Vincent Trocheck is over, Vincent Trocheck is back on ice.
18:09 of 3rd period - Penalty to Alex Chiasson is over, Alex Chiasson is back on ice.
18:17 of 3rd period - Snap shot by Ville Leino.
18:17 of 3rd period - Shot Blocked by Alex Chiasson.
18:21 of 3rd period - Wrist shot by Ville Leino.
18:21 of 3rd period - Goal by Ville Leino - Sewer Rats : 4 - Little Stars : 7.
18:22 of 3rd period - Brian Flynn wins face-off versus Jonathan Marchessault in neutral zone.
18:36 of 3rd period - Minor Penalty to Phil Oreskovic for Hooking.
18:37 of 3rd period - Alex Chiasson wins face-off versus Kyle Turris in Little Stars zone.
19:13 of 3rd period - Wrist shot by Brian Flynn.
19:13 of 3rd period - Shot Misses the Net.
Goals for this period are 2 for Sewer Rats vs 1 for Little Stars.
Shots for this period are 10 for Sewer Rats vs 6 for Little Stars.
Back to the Top